 Dungeon Crawl Stone Soup version 0.26.0-18-gc5c842f807 (webtiles) character file.

Game seed: 12308281087278244340

975 trckry the Cudgeller (level 7, 0/61 HPs)
             Began as a Minotaur Fighter on Jan 23, 2021.
             Succumbed to a killer bee's poison
             ... on level 8 of the Dungeon.
             The game lasted 00:05:00 (4662 turns).

trckry the Cudgeller (Minotaur Fighter)             Turns: 4662, Time: 00:05:00

Health: 0/61       AC:  7    Str: 23    XL:     7   Next: 95%
Magic:  8/8        EV:  9    Int:  5    God:
Gold:   174        SH: 10    Dex:  9    Spells: 6/6 levels left

rFire    . . .     SeeInvis .   y - +0 morningstar
rCold    . . .     Faith    .   c - +0 kite shield
rNeg     . . .     Spirit   .   b - +0 scale mail
rPois    .         Reflect  .   (helmet restricted)
rElec    .         Harm     .   (no cloak)
rCorr    .         Rampage  .   (no gloves)
Will     .....                  (no boots)
Stlth    ..........             (no amulet)
HPRegen  0.20/turn              (no ring)
MPRegen  0.11/turn              (no ring)

@: lethally poisoned (0 -> -10)
A: retaliatory headbutt, horns 2
a: no special abilities


You were on level 8 of the Dungeon.
You visited 1 branch of the dungeon, and saw 6 of its levels.

You collected 174 gold pieces.

Inventory:

Hand Weapons
 y - a +0 morningstar (weapon)
Missiles
 o - 8 poisoned darts (quivered)
 x - 5 silver boomerangs
Armour
 b - a +0 scale mail (worn)
 c - a +0 kite shield (worn)
Jewellery
 i - an uncursed ring of fire {unknown}
 t - an uncursed ring of protection from fire {unknown}
Wands
 a - a wand of flame (23)
Scrolls
 e - 4 scrolls of identify {unknown}
 h - a scroll of fear {unknown}
 j - a scroll of remove curse {unknown}
 k - 3 scrolls of teleportation {unknown}
 m - a scroll of enchant weapon {unknown}
 n - 2 scrolls of fog {unknown}
 s - a scroll of blinking {unknown}
 w - 2 scrolls of enchant armour {unknown}
 z - a scroll of magic mapping {unknown}
Potions
 d - a potion of might
 f - a potion of lignification {unknown}
 g - 2 potions of curing {unknown}
 l - a potion of attraction {unknown}
 p - a potion of heal wounds {unknown}
 q - a potion of degeneration {unknown}
 r - a potion of haste {unknown}
 u - 2 potions of mutation {unknown}
 v - a potion of brilliance {unknown}
 A - a potion of magic {unknown}


   Skills:
 + Level 5.1 Fighting
 * Level 5.6 Maces & Flails
 + Level 2.6 Throwing
 + Level 5.0 Armour
 + Level 3.1 Dodging
 + Level 5.0 Shields
 + Level 2.7 Invocations
 + Level 2.6 Evocations


You had 6 spell levels left.
You didn't know any spells.
Your spell library was empty.

Dungeon Overview and Level Annotations

Branches:
Dungeon (8/15)
 Temple: D:4-7         Lair: D:8-11

Altars:
Nemelex Xobeh
Lugonu

Shops:
D:7 (   D:8 :

Portals:
Abyss: D:8

Annotations:
D:2 2 transporters


Innate Abilities, Weirdness & Mutations

You reflexively headbutt those who attack you in melee.
You have a pair of horns on your head.


Message History

The killer bee is almost dead.
You feel sick.
The killer bee stings you but does no damage. x2
You block the killer bee's attack.
You miss the killer bee.
The killer bee is almost dead.
You block the killer bee's attack. The killer bee stings you.
* * * LOW HITPOINT WARNING * * *
Your shield prevents you from hitting the killer bee.
Your headbutt misses the killer bee.
The killer bee is almost dead.
You feel sick. You block the killer bee's attack. The killer bee stings you!
* * * LOW HITPOINT WARNING * * *
The killer bee stings you.
* * * LOW HITPOINT WARNING * * *
You are more poisoned.
The killer bee poisons you!
You barely miss the killer bee.
The killer bee is severely wounded.
You die...

#########
#####.†.....#
##.....#####.#######.
##......#
#...@yyyy...
###...#...#
#.#(######..
...##..#.#.##.#.#
#.##).#.#.#.. ..#
.#.#§............
...∩#...#..##.###
..§.#.#. #..#.#
...#..#.. .Z#.
.....#).


You could see 4 killer bees.

Vanquished Creatures
  An ogre (D:7)
  A centaur (D:7)
  Blork the orc (D:4)
  2 bullfrogs (D:7)
  5 wights (D:4)
  A howler monkey (D:4)
  2 orc priests (D:3)
  2 hounds (D:4)
  A centaur skeleton (D:4)
  An orc wizard (D:7)
  An iguana (D:8)
  A worker ant (D:7)
  Robin (D:4)
  3 adders
  A shadow imp (D:7)
  A white imp (D:7)
  3 oozes
  3 worms
  A leopard gecko (D:3)
  12 orcs
  2 ball pythons (D:2)
  2 giant cockroaches (D:7)
  15 goblins
  7 hobgoblins
  9 jackals
  6 kobolds
  4 quokkas
  6 bats
  2 frilled lizards
  A quokka zombie (D:7)
  8 rats
106 creatures vanquished.

Vanquished Creatures (others)
  A lurking horror (D:8)
1 creature vanquished.

Grand Total: 107 creatures vanquished

Notes
Turn   | Place    | Note
-------+----------+-------------------------------------------
     0 | D:1      | trckry the Minotaur Fighter began the quest for the Orb.
     0 | D:1      | Reached XP level 1. HP: 19/19 MP: 0/0
    82 | D:1      | Reached XP level 2. HP: 27/27 MP: 1/1
   878 | D:2      | Reached XP level 3. HP: 32/33 MP: 2/2
  1032 | D:2      | Found a transporter.
  1034 | D:2      | Found a transporter.
  1276 | D:2      | Reached skill level 1 in Invocations
  1402 | D:2      | Reached skill level 1 in Dodging
  1464 | D:2      | Reached skill level 1 in Throwing
  1465 | D:2      | Reached XP level 4. HP: 33/40 MP: 3/3
  1538 | D:2      | Found a sparkling altar of Nemelex Xobeh.
  1678 | D:3      | Reached skill level 1 in Evocations
  1691 | D:3      | HP: 4/40 [orc priest/divine providence (15)]
  1697 | D:3      | HP: 3/40 [poisoned by a kobold]
  2038 | D:3      | HP: 3/40 [orc priest/nerve-wracking pain (5)]
  2043 | D:3      | Reached XP level 5. HP: 3/46 MP: 3/5
  2686 | D:4      | Noticed Blork the orc
  2699 | D:4      | Killed Blork the orc
  2724 | D:4      | Reached XP level 6. HP: 35/53 MP: 6/6
  3204 | D:4      | Reached XP level 7. HP: 51/60 MP: 7/7
  3326 | D:4      | Noticed Robin
  3372 | D:4      | Killed Robin
  3540 | D:4      | You fall into a shaft and drop 3 floors!
  3564 | D:7      | Reached skill level 5 in Maces & Flails
  3756 | D:7      | Found Xaxexzit's Antique Weapon Emporium.
  3908 | D:7      | Reached skill level 5 in Fighting
  3999 | D:7      | Reached skill level 5 in Shields
  4581 | D:8      | Found Ithrip's Book Shoppe.
  4618 | D:8      | Found a corrupted altar of Lugonu.
  4619 | D:8      | Found a one-way gate to the infinite horrors of the Abyss.
  4646 | D:8      | Reached skill level 5 in Armour
  4661 | D:8      | HP: 3/61 [killer bee (7)]
  4661 | D:8      | HP: 1/61 [killer bee (2)]
  4662 | D:8      | Succumbed to a killer bee's poison

Illustrated notes

Levels and vault maps discovered:
D:1:      lemuel_arrival_tunnels, layout_basic
D:2:      layout_loops_ring, gammafunk_temple_overflow_arena,
          minmay_crystal_water
D:3:      layout_basic
D:4:      layout_loops_cross, chequers_temple_overflow_minitemple,
          minmay_temple_entry_gardened_gates, uniq_robin, uniq_blork_the_orc
D:7:      layout_loops_ring, serial_shops, kennysheep_mini_moat, minmay_holes
D:8:      layout_loops_corners, vehumet_crystals, serial_shops, shop,
          nicolae_ossuary_entry_giza, amcnicky_altar_lugonu_corruption

Skill      XL: |  1  2  3  4  5  6  7 |
---------------+----------------------+-----
Maces & Flails | 3 4 5 |  5.6
Invocations    | 1 2 |  2.7
Dodging        | 1 2 3 |  3.1
Throwing       | 1 2 |  2.6
Fighting       | 4 5 |  5.1
Evocations     | 1 2 |  2.6
Shields        | 4 5 |  5.0
Armour         | 4 5 |  5.0

Action                   |  1- 3 |  4- 6 |  7- 9 || total
-------------------------+-------+-------+-------++-------
Melee: Flail             |    69 |   127 |    45 ||   241
       Headbutt          |    10 |    23 |    11 ||    44
       Morningstar       |       |       |    72 ||    72
Armor: Scale mail        |    38 |    33 |    26 ||    97
Dodge: Dodged            |    23 |    38 |    53 ||   114
Block: Kite shield       |    32 |    67 |    64 ||   163
